 Dungeon Crawl Stone Soup version 0.19.0-20-gbc5f0c6 (webtiles) character file.

105 KristoblXynda the Slasher (level 4, 0/58 HPs)
             Began as a Naga Warper on Nov 17, 2016.
             Slain by a goblin
             ... wielding a +0 dagger
             ... led by Robin
              (2 damage)
             ... on level 3 of the Dungeon.
             The game lasted 00:04:32 (2099 turns).

KristoblXynda the Slasher (Naga Warper)             Turns: 2099, Time: 00:04:32

Health: 0/58       AC: 22    Str: 14    XL:     4   Next: 83%
Magic:  5/7        EV:  1    Int: 14    God:
Gold:   151        SH:  0    Dex: 10    Spells: 1 memorised, 5 levels left

rFire  . . .     SeeInvis +     a - +0 falchion
rCold  . . .     Gourm    .     (armour currently unavailable)
rNeg   + + +     Faith    .     (no shield)
rPois  +         Spirit   .     (helmet currently unavailable)
rElec  .         Reflect  .     (cloak currently unavailable)
rCorr  .         Harm     .     (gloves currently unavailable)
MR     .....     NoTele   +     (no barding)
Stlth  ++........               (no amulet)
                                (no ring)
                                (no ring)

@: short of breath, tree-form, very slightly contaminated, hasted, drained, very
quick
A: see invisible, (deformed body), (poison resistance), (slowness 0), slow
metabolism 1, spit poison 1, AC +1
a: Spit Poison


You were on level 3 of the Dungeon.
You were hungry.
You were a tree.
You visited 1 branch of the dungeon, and saw 3 of its levels.

You collected 151 gold pieces.

Inventory:

Hand Weapons
 a - a +0 falchion (weapon)
Missiles
 e - 2 tomahawks of dispersal (quivered)
 g - a throwing net
Armour
 j - a +0 ring mail (melded)
Scrolls
 d - a scroll of blinking
 h - a scroll of enchant armour {unknown}
 m - 3 scrolls of identify {unknown}
 n - a scroll of remove curse {unknown}
Potions
 i - a potion of flight
 l - a potion of haste
Books
 c - a book of Spatial Translocations

   Spells                             Type                      Level
   a - Blink                          Translocation                2
   b - Shroud of Golubria             Charms/Translocation         2
   c - Lesser Beckoning               Translocation                3
   d - Portal Projectile              Translocation                3
   e - Teleport Other                 Translocation                3
   f - Passage of Golubria            Translocation                4
Comestibles
 f - a bread ration
 o - a chunk of flesh


   Skills:
 - Level 2.0(1.6) Fighting
 + Level 3.3(2.8) Long Blades
 - Level 1.5(1.1) Throwing
 - Level 0.8(0.4) Armour
 + Level 2.5(2.1) Dodging
 + Level 2.5(2.1) Stealth
 - Level 2.0(1.6) Spellcasting
 - Level 3.0(2.5) Translocations


You had 5 spell levels left.
You knew the following spells:

 Your Spells              Type           Power        Failure   Level  Hunger
a - Blink                 Tloc           N/A          17%         2    ###....


Dungeon Overview and Level Annotations

Branches:
Dungeon (3/15)

Altars:

Annotations:
D:3 Robin


Innate Abilities, Weirdness & Mutations

You cannot wear boots.
((Your serpentine skin is tough. (AC +1)))
You have supernaturally acute eyesight. (SInv)
((Armour fits poorly on your strangely shaped body.))
((Your system is resistant to poisons. (rPois)))
((You cover ground very slowly.))
You have a slow metabolism.
You can spit poison.


Message History

You feel slightly more hungry. The goblin hits you but does no damage.
The bat hits you but does no damage.
You hit the goblin.
You kill the goblin!
The goblin no longer looks unusually strong. x2
The bat hits you but does no damage. x2
You hit the hobgoblin.
The hobgoblin is heavily wounded.
You kill the goblin!
The bat hits you but does no damage.
You closely miss the hobgoblin.
The hobgoblin is heavily wounded.
The bat hits you but does no damage.
The hobgoblin hits you but does no damage.
You hit the hobgoblin.
You kill the hobgoblin!
The bat hits you but does no damage.
You closely miss the goblin. The bat hits you but does no damage.
The goblin hits you with a dagger.
You die...

#..# ########.. #)#
#......... ##(##
##.######..
###...###...## #..
#..).........# ###
#.#.g.###).(.# #
#.##.#####.#(# #
.#####.##.g..##.#.# #
......b♣gg##.##.#.######
######.##...........<...
#. #########.###### #.
#.# #. #.# #. #.# #. ..#
## ###


You could see Robin, 2 goblins and a bat.

Vanquished Creatures
  Ijyb (D:2)
  2 adders (D:2)
  An ooze (D:1)
  A worm (D:2)
  A dart slug (D:3)
  2 orcs (D:3)
  A ball python (D:1)
  5 bats
  2 giant cockroaches
  11 goblins
  6 hobgoblins
  6 frilled lizards
  7 kobolds
  5 rats
51 creatures vanquished.

Notes
Turn   | Place    | Note
-------+----------+-------------------------------------------
     0 | D:1      | KristoblXynda the Naga Warper began the quest for the Orb.
     0 | D:1      | Reached XP level 1. HP: 19/19 MP: 3/3
   107 | D:1      | Reached skill level 1 in Throwing
   107 | D:1      | Reached XP level 2. HP: 13/26 MP: 5/5
   401 | D:1      | Reached XP level 3. HP: 9/32 MP: 6/6
   407 | D:1      | Learned a level 2 spell: Blink
   520 | D:1      | Reached skill level 1 in Stealth
   635 | D:2      | Noticed Ijyb
   664 | D:2      | Killed Ijyb
   949 | D:2      | Reached XP level 4. HP: 25/39 MP: 7/7
  1544 | D:3      | Noticed an ogre
  2062 | D:3      | Noticed Robin
  2090 | D:3      | HP: 1/58 [goblin[Robin] (3)]
  2099 | D:3      | Slain by a goblin

Skill      XL: |  1  2  3  4 |
---------------+-------------+-----
Throwing       | 1 |  1.5
Stealth        | 2 |  2.5
Dodging        | 2 |  2.5
Long Blades    | 3 |  3.3
Fighting       | |  2.0
Armour         | |  0.8
Spellcasting   | |  2.0
Translocations | |  3.0

Action                   |  1- 3 |  4- 6 || total
-------------------------+-------+-------++-------
Melee: Falchion          |    81 |    76 ||   157
Throw: Tomahawk          |       |     3 ||     3
 Cast: Blink             |       |     2 ||     2
 Abil: Spit Poison       |     5 |     6 ||    11
  Use: Potion            |       |     4 ||     4
       Scroll            |       |     1 ||     1
 Stab: Sleeping          |       |     1 ||     1
  Eat: Chunk             |       |     3 ||     3
Armor: Leather armour    |    26 |     8 ||    34
       Skin              |       |    15 ||    15
       Ring mail         |       |    12 ||    12
Dodge: Dodged            |    60 |    43 ||   103
       Rpst.: Falchion   |    23 |    14 ||    37
